 Dungeon Crawl Stone Soup version 0.18-a0-750-g37044d6 (webtiles) character file.

46 cluie the Insei (level 3, -1/26 HPs)
             Began as a Demonspawn Transmuter on Dec 12, 2015.
             Slain by Sigmund
             ... wielding a +0 scythe
              (13 damage)
             ... on level 3 of the Dungeon.
             The game lasted 00:04:05 (2014 turns).

cluie the Insei (Demonspawn Transmuter)             Turns: 2014, Time: 00:04:05

Health: -1/26      AC:  2    Str: 10    XL:     3   Next: 44%
Magic:  6/6        EV: 13    Int: 14    God:
Gold:   235        SH:  0    Dex: 14    Spells: 2 memorised, 3 levels left

rFire  + . .     SeeInvis .       - Unarmed
rCold  . . .     Clarity  .     b - +0 robe
rNeg   . . .     SustAt   .     (no shield)
rPois  .         Gourm    .     (helmet restricted)
rElec  .         Spirit   .     (no cloak)
rCorr  .         Dismiss  .     (no gloves)
rMut   .         Stasis   .     (no boots)
MR     .....                    (no amulet)
Stlth  +.........               (no ring)
                                h - ring of protection from fire

@: very slightly contaminated, not resistant to hostile enchantments, very
unstealthy
A: horns 1, powered by pain 1
a: no special abilities


You were on level 3 of the Dungeon.
You were not hungry.

You visited 1 branch of the dungeon, and saw 3 of its levels.

You collected 235 gold pieces.

Inventory:

Missiles
 a - 66 arrows
Armour
 b - a +0 robe (worn)
Jewellery
 h - a ring of protection from fire (left hand)
Scrolls
 g - a scroll of fear
 k - a scroll of remove curse
 n - a scroll of immolation {unknown}
 o - a scroll of amnesia {unknown}
 r - a scroll of identify {unknown}
 u - a scroll of noise {unknown}
Potions
 f - a potion of curing {unknown}
 l - a potion of resistance {unknown}
 q - a potion of ambrosia {unknown}
Books
 c - a book of Changes

   Spells                             Type                      Level
   a - Beastly Appendage              Transmutation                1
   b - Sticks to Snakes               Transmutation                2
   c - Spider Form                    Transmutation/Poison         3
   d - Ice Form                       Ice/Transmutation            4
   e - Blade Hands                    Transmutation                5
 s - a Young Poisoner's Handbook

   Spells                             Type                      Level
   a - Sting                          Conjuration/Poison           1
   b - Cure Poison                    Poison                       2
   c - Mephitic Cloud                 Conjuration/Poison/Air       3
   d - Olgreb's Toxic Radiance        Poison                       4
   e - Venom Bolt                     Conjuration/Poison           5
Comestibles
 d - 3 bread rations
 i - 3 fruits
 j - 3 beef jerkies
 m - a meat ration


   Skills:
 + Level 1.2 Fighting
 * Level 2.6 Dodging
 * Level 3.4 Unarmed Combat
 - Level 2.0 Spellcasting
 - Level 1.7 Transmutations


You had 3 spell levels left.
You knew the following spells:

 Your Spells              Type           Power        Failure   Level  Hunger
a - Beastly Appendage     Trmt           #.....       14%         1    ##.....
b - Sticks to Snakes      Trmt           #.......     21%         2    ###....


Dungeon Overview and Level Annotations

Branches:
Dungeon (3/15)

Altars:
Kikubaaqudgha
Vehumet

Annotations:
D:3 Sigmund


Innate Abilities, Weirdness & Mutations

You have a pair of small horns on your head.
You sometimes gain a little power by taking damage.


Message History

Your ball python barely misses something.
Unknown command.
You barely miss something.
Your ball python barely misses something.
Something barely misses you.
Unknown command.
You hit something but do no damage.
Your ball python closely misses something.
Unknown command.
You closely miss something. You headbutt something.
Your ball python misses something.
You hear some strange, mumbled words.
A magic dart appears from out of thin air!
The magic dart hits you!
You focus on the pain.
You feel your power returning.
Unknown command.
You hit something.
Your ball python barely misses something.
Something hits you!
Ouch! That really hurt!
You die...

#.#.#.#+#§...>##.....#
#.#.#§#§#§###.###.....#
#.#.#.#§#.## #.# #.....#
#.#.#.#.#§#.###'###.....#
#.#.#.#.#†#§#............#
.#.#.#.#.#.#+...........##
.#.#.#.#.#.#S..........#
.#.#.#.#.#{...........#
.#.#.#.#.#@..........#
#.#.#.#.#.###'########
.#.#.#.#.## #.#########
.#.#.#.#.#.###.........#
.#.#.#.#.#.##...........#
#.#.#.#.#.#.#...........#
#.#.#.#.#.##...........#
#.#.#.#.#.###.........#
#.#.#.#.## #.#############


You could see a friendly ball python.

Vanquished Creatures
  An adder (D:2)
  An ooze (D:3)
  A worm (D:2)
  A ball python (D:1)
  3 giant cockroaches
  4 hobgoblins
  6 jackals
  2 kobolds (D:1)
  4 bats
  A giant newt (D:2)
  3 goblins
  2 rats (D:1)
29 creatures vanquished.

Vanquished Creatures (others)
  2 goblins (D:2)
2 creatures vanquished.

Grand Total: 31 creatures vanquished

Notes
Turn   | Place    | Note
--------------------------------------------------------------
     0 | D:1      | cluie the Demonspawn Transmuter began the quest for the Orb.
     0 | D:1      | Reached XP level 1. HP: 15/15 MP: 3/3
   173 | D:1      | Reached skill level 3 in Unarmed Combat
   509 | D:1      | Gained mutation: You sometimes gain a little power by taking damage. [demonic ancestry]
   509 | D:1      | Reached XP level 2. HP: 21/21 MP: 5/5
   823 | D:1      | Learned a level 2 spell: Sticks to Snakes
   978 | D:2      | Found a radiant altar of Vehumet.
  1286 | D:2      | Gained mutation: You have a pair of small horns on your head. [demonic ancestry]
  1286 | D:2      | Reached XP level 3. HP: 11/26 MP: 6/6
  1610 | D:2      | Found an ancient bone altar of Kikubaaqudgha.
  1987 | D:3      | Noticed Sigmund
  2014 | D:3      | Slain by Sigmund

Vault maps used:
D:1:      minmay_arrival_four_circles, wad_floor_pattern_untrapped
D:2:      lemuel_crystal_altar, fiery_altar_vehumet, first_bread,
          patterned_corridor
D:3:      gammafunk_temple_overflow_wave, uniq_sigmund

Action                   || total
-------------------------++-------
Melee: Unarmed           ||   121
 Cast: Beastly Appendage ||     3
       Sticks to Snakes  ||     2
  Use: Potion            ||     2
       Scroll            ||     3
  Eat: Chunk             ||     4
